 Dungeon Crawl Stone Soup version 0.28.0 (webtiles) character file.

Game seed: 16246113164956114212

88 mopl the Skirmisher (level 4, -5/37 HPs)
             Began as a Merfolk Fighter on Feb 16, 2022.
             Was a Follower of Dithmenos.
             Slain by Duvessa (7 damage)
             ... on level 4 of the Dungeon.
             The game lasted 00:01:42 (2301 turns).

mopl the Skirmisher (Merfolk Fighter)               Turns: 2301, Time: 00:01:43

Health: -5/37      AC:  6    Str: 18    XL:     4   Next: 54%
Magic:  4/4        EV:  9    Int:  7    God:    Dithmenos [*.....]
Gold:   98         SH:  4    Dex: 13    Spells: 3/3 levels left

rFire   . . .      SeeInvis .   a - +0 long sword
rCold   . . .      Faith    .   c - +0 buckler
rNeg    . . .      Spirit   .   b - +0 scale mail
rPois   .          Reflect  .   (no helmet)
rElec   .          Harm     .   (no cloak)
rCorr   .          Rampage  .   (no gloves)
Will    .....                   (no boots)
Stlth   ..........              h - amulet of magic regeneration
HPRegen 0.12/turn               (no ring)
MPRegen 0.49/turn               (no ring)

@: lethally poisoned (-5 -> -10), wreathed by umbra
A: (nimble swimmer 2), mertail
a: Renounce Religion


You were on level 4 of the Dungeon.
You worshipped Dithmenos.
Dithmenos was aware of your devotion.
You visited 1 branch of the dungeon, and saw 4 of its levels.

You collected 98 gold pieces.

Inventory:

Hand Weapons
 a - a +0 long sword (weapon)
Missiles
 g - 6 poisoned darts (quivered)
Armour
 b - a +0 scale mail (worn)
 c - a +0 buckler (worn)
Jewellery
 h - an amulet of magic regeneration (around neck)
Scrolls
 e - a scroll of enchant weapon {unknown}
 f - 2 scrolls of teleportation {unknown}
 i - 2 scrolls of identify {unknown}
 m - a scroll of blinking {unknown}
 n - a scroll of fear {unknown}
 p - a scroll of torment {unknown}
Potions
 d - 4 potions of might
 j - a potion of flight {unknown}
 k - 2 potions of lignification {unknown}
 l - a potion of resistance {unknown}
 o - a potion of heal wounds {unknown}


   Skills:
 + Level 3.8 Fighting
 * Level 3.6 Long Blades
 + Level 2.5 Armour
 + Level 2.0 Dodging
 + Level 0.2 Stealth
 - Level 3.0 Shields
 + Level 0.5 Invocations


You had 3 spell levels left.
You didn't know any spells.
Your spell library contained the following spells:

 Spells                   Type           Power      Damage    Failure   Level
 Magic Dart               Conj           0%         1d3       89%         1
 Call Imp                 Summ           0%         N/A       96%         2
 Mephitic Cloud           Conj/Pois/Air  0%         N/A       99%         3


Dungeon Overview and Level Annotations

Branches:
Dungeon (4/15)
 Temple: D:4-7

Altars:
Dithmenos
Wu Jian

Annotations:
D:4 Dowan, Duvessa


Innate Abilities, Weirdness & Mutations

((You are very nimble when in or above water. (Stealth+, EV+, Speed+++)))
Your lower body shifts to a powerful aquatic tail in water.


Message History

There is a stone staircase leading up here.
Found a ring mail.
A giant cockroach comes into view.
A giant cockroach is nearby!
An adder comes into view.
The adder hisses angrily.
Duvessa, Sister of Dowan comes into view.
She is wielding a +4 rapier of speed.
Duvessa shouts!
You hit the giant cockroach but do no damage.
The giant cockroach bites you but does no damage.
A centaur skeleton comes into view.
You slash the giant cockroach!
You kill the giant cockroach!
Dithmenos accepts your kill.
A giant cockroach comes into view.
Dowan, Brother of Duvessa comes into view.
He is wielding a +0 dagger.
Dowan shouts!
The adder bites you but does no damage.
You completely miss the adder. The adder bites you but does no damage.
A goblin comes into view. It is wielding a +0 dagger.
You hit Duvessa.
Duvessa is lightly wounded.
The adder closely misses you. You block the adder's attack.
You block Duvessa's attack.
You closely miss Duvessa.
Duvessa is lightly wounded.
The adder bites you but does no damage. The centaur skeleton barely misses you.
The centaur skeleton kicks you but does no damage.
Duvessa hits you with a +4 rapier of speed!
Duvessa hits you with a +4 rapier of speed.
The adder bites you.
You barely miss the adder.
Duvessa hits you with a +4 rapier of speed!
* * * LOW HITPOINT WARNING * * *
The adder bites you.
* * * LOW HITPOINT WARNING * * *
You are lethally poisoned!
The adder poisons you!
Duvessa hits you with a +4 rapier of speed!
You die...

.... ...# ...#
## ...###
#.......#
##.#e..#[##
#..SeZ....#
#..@Bg.#
#...#.## ##....#
#....# #.###.###
####.###........
#........#####.#
#.##.###.#### .#
#....# #


You could see Duvessa, Dowan, an adder, a giant cockroach, a goblin and a
centaur skeleton.

Vanquished Creatures
  4 adders
  A worm (D:2)
  2 dart slugs (D:1)
  An orc (D:2)
  4 endoplasms
  2 giant cockroaches
  6 hobgoblins
  2 quokkas (D:3)
  2 ball pythons (D:3)
  5 bats
  2 frilled lizards
  9 kobolds
  5 rats
45 creatures vanquished.

Notes
Turn   | Place    | Note
-------+----------+-------------------------------------------
     0 | D:1      | mopl the Merfolk Fighter began the quest for the Orb.
     0 | D:1      | Reached XP level 1. HP: 18/18 MP: 1/1
   237 | D:1      | Reached XP level 2. HP: 19/24 MP: 2/2
   366 | D:1      | Reached skill level 1 in Dodging
   885 | D:2      | Reached XP level 3. HP: 29/29 MP: 3/3
   975 | D:2      | Reached skill level 3 in Long Blades
  1616 | D:2      | Reached XP level 4. HP: 37/37 MP: 4/4
  1746 | D:3      | Found a faded altar of an unknown god.
  1759 | D:3      | Prayed at the altar of an unknown god.
  1759 | D:3      | Became a worshipper of Dithmenos the Shadowed
  1759 | D:3      | Reached * piety under Dithmenos
  1847 | D:3      | Reached skill level 2 in Dodging
  2065 | D:3      | Found an ornate altar of the Wu Jian Council.
  2294 | D:4      | Noticed Duvessa
  2297 | D:4      | Noticed Dowan
  2301 | D:4      | Slain by Duvessa

Illustrated notes

Levels and vault maps discovered:
D:1:      dpeg_arrival_signposts, layout_loops_ring
D:2:      layout_loops_corners
D:3:      layout_basic, mainiacjoe_overflow_brackets, basic_ecumenical_altar,
          kennysheep_generic_room_3
D:4:      layout_loops_cross, tgw_sif, minmay_parallelograms, uniq_pikel,
          uniq_duvessa

Skill      XL: |  1  2  3  4 |
---------------+-------------+-----
Dodging        | 1 2 |  2.0
Long Blades    | 3 |  3.6
Fighting       | |  3.8
Armour         | |  2.5
Stealth        | |  0.2
Shields        | |  3.0
Invocations    | |  0.5

Action                   |  1- 3 |  4- 6 || total
-------------------------+-------+-------++-------
Melee: Long sword        |   102 |    46 ||   148
Armor: Scale mail        |    48 |    19 ||    67
Dodge: Dodged            |    45 |    19 ||    64
Block: Buckler           |    16 |    12 ||    28
